 Dungeon Crawl Stone Soup version 0.31-a0-466-g98c9adc2b6 (webtiles) character file.

Game seed: 12115814950678435993

29 avis the Changeling (level 3, -1/15 HPs)
             Began as a Felid Shapeshifter on Aug 5, 2023.
             Slain by a gnoll
             ... wielding a +0 spear
              (5 damage)
             ... on level 2 of the Dungeon.
             The game lasted 00:04:24 (719 turns).

avis the Changeling (Felid Shapeshifter)             Turns: 719, Time: 00:04:25

Health: -1/15      AC:  1    Str: 13    XL:     3   Next: 1%
Magic:  4/4        EV: 17    Int:  9    God:
Gold:   109        SH:  0    Dex: 16    Spells: 2/2 levels left
                                        Lives:  0   Deaths: 0

rFire   . .          .
                       - Unarmed
rCold   . . .        (shield unavailable)
rNeg    . . .        (body armour unavailable)
rPois   .            (helmet unavailable)
rElec   .            (cloak unavailable)
rCorr   .            (gloves unavailable)
SInv    +            (boots unavailable)
Will    .....        (no amulet)
Stlth   ++           (no ring)
HPRegen 0.22/turn    (no ring)
MPRegen 0.09/turn

%: no passive effects
@: beast-form, quick
A: beast (slay +2), very small, claws 1, fangs 3, see invisible, speed 1, shaggy
fur 1, stealthy paws, no weapons or thrown items, no armour, multi-lived
a: Begin Untransformation


You were on level 2 of the Dungeon.
You were a hulking beast.
You visited 1 branch of the dungeon, and saw 2 of its levels.

You collected 109 gold pieces.

Inventory:

Talismans
 b - a beast talisman (active)
Scrolls
 e - 3 scrolls of teleportation {unknown}
 g - a scroll of blinking {unknown}
 i - a scroll of poison {unknown}
 j - a scroll of identify {unknown}
Potions
 a - a potion of lignification
 c - a potion of mutation {unknown}
 d - a potion of resistance {unknown}
 f - a potion of cancellation {unknown}
 h - 3 potions of curing {unknown}


   Skills:
 + Level 1.4 Fighting
 + Level 3.1 Dodging
 + Level 1.1 Stealth
 * Level 3.4 Unarmed Combat
 + Level 3.4 Shapeshifting


You had 2 spell levels left.
You didn't know any spells.
Your spell library contained the following spells:

 Spells                   Type           Power      Damage    Failure   Level
 Sting                    Tmut/Pois      0%         1d3       38%         1
 Poisonous Vapours        Pois/Air       0%         N/A       52%         2
 Olgreb's Toxic Radiance  Pois           0%         N/A       99%         4


Dungeon Overview and Level Annotations

Branches:
Dungeon (2/15)

Altars:


Innate Abilities, Weirdness & Mutations

You are a hulking beast.
Your limbs bulge with bestial killing power. (Slay +2)
You have sharp claws.
You have razor-sharp teeth.
You have supernaturally acute eyesight. (SInv)
You cover ground quickly. (Speed+)
You are covered in fur. (AC +1)
Your paws help you pounce on unaware monsters.
You are incapable of wielding weapons or throwing items.
You cannot wear armour.
You gain extra lives every three experience levels.


Message History

Found a scroll labelled NITAKH LONAJO.
j - a scroll labelled KUKELE ADOCW
e - 3 scrolls labelled NITAKH LONAJO (gained 1)
There is a stone staircase leading up here.
You climb upwards.
There is a stone staircase leading down here.
There is a stone staircase leading down here.
You climb downwards.
There is a stone staircase leading up here.
You climb upwards.
There is a stone staircase leading down here.
You climb downwards.
There is a stone staircase leading up here. 2 gnolls come into view.
The gnoll shouts!
The gnoll moves out of view.
The gnoll shouts!
A gnoll comes into view. It is wielding a +0 flail.
You barely miss the gnoll. You closely miss the gnoll.
The gnoll completely misses you. The gnoll closely misses you.
Found 6 gold pieces and a scroll labelled ROQ XUTHAREHITS.
The gnoll closely misses you. The gnoll misses you.
You scratch the gnoll.
The gnoll is heavily wounded.
The gnoll closely misses you. The gnoll hits you with a +0 spear.
The gnoll barely misses you.
You barely miss the gnoll. You bite the gnoll.
The gnoll is heavily wounded.
The gnoll misses you. The gnoll barely misses you. The gnoll misses you.
You scratch the gnoll.
The gnoll is severely wounded.
The gnoll completely misses you. The gnoll barely misses you.
The gnoll hits you with a +0 spear.
* * * LOW HITPOINT WARNING * * *
You scratch the gnoll.
The gnoll is almost dead.
The gnoll misses you. The gnoll barely misses you.
The gnoll hits you with a +0 spear.
You die...

.. .### #. ...#
#. #..### #.
#.... #. #...#
#.##. #...######
#....###hg.....$
#...gg......
#.##........
#<##........
####........
#.......?
#........
#........
#######


You could see 3 gnolls.

Vanquished Creatures
  A dart slug (D:1)
  2 bats (D:1)
  4 endoplasms
  A giant cockroach (D:1)
  2 goblins (D:1)
  3 hobgoblins (D:1)
  A kobold (D:1)
  A quokka (D:1)
  5 ball pythons
  A frilled lizard (D:1)
  3 rats (D:1)
24 creatures vanquished.

Notes
Turn   | Place    | Note
-------+----------+-------------------------------------------
     0 | D:1      | avis the Felid Shapeshifter began the quest for the Orb.
     0 | D:1      | Reached XP level 1. HP: 9/9 MP: 2/2
   165 | D:1      | Reached XP level 2. HP: 9/12 MP: 3/3
   238 | D:1      | Reached skill level 1 in Stealth
   656 | D:2      | Reached XP level 3. HP: 15/15 MP: 4/4
   719 | D:2      | Slain by a gnoll

Illustrated notes

Levels and vault maps discovered:
D:1:      onia_arrival_pyramid, layout_loops_ring, supply_closet_lemuel
D:2:      layout_basic, uniq_natasha

Skill      XL: |  1  2 |
---------------+-------+-----
Dodging        | 3 |  3.1
Stealth        | 1 |  1.1
Fighting       | |  1.4
Unarmed Combat | |  3.4
Shapeshifting  | |  3.4

Action                     || total
---------------------------++-------
  Melee: Unarmed           ||    49
         Bite              ||     6
         Punch             ||     1
   Stab: Sleeping          ||     2
 Armour: Skin              ||     1
  Dodge: Dodged            ||    39

Table legend: (Time is in decaauts)
 A = Elapsed time spent in this place.
 B = Non-inter-level travel time spent in this place.
 C = Inter-level travel time spent in this place.
 D = Time resting spent in this place.
 E = Time spent auto-exploring this place.
 F = Levels seen in this place.
 G = Mean time per level.
                   A        B        C        D        E       F      G
               +--------+--------+--------+--------+--------+-----+--------+
         Total |    596 |    538 |     58 |     20 |    342 |   2 |  298.0 |
       Dungeon |    596 |    538 |     58 |     20 |    342 |   2 |  298.0 |
               +--------+--------+--------+--------+--------+-----+--------+

Top non-repeatable levels by time:
     D:1: 557 daAuts
     D:2: 39 daAuts
